Map: Dusk Towers

Players

CrazY

  • Race: Zerg Zerg
  • League: Master

MorN - Winner!

  • Race: Terran Terran
  • League: Master

VOD

Have the link to the VOD?

Description

Time

  • Played on: Nov. 22, 2015, 9:34 p.m.
  • Length: 10:50
Show
View Real Time Build Order
Export as new Build Order

CrazY Zerg 

Build Orders: Hatch First, Muta Ling Bane 

Get SALT Encoding   

  12  0:01  Drone  
  13  0:08  Drone  
  14  0:17  Overlord  
  14  0:21  Extractor  
  14  0:23  Drone  
  15  0:35  Drone x2  
  17  0:55  Hatchery  
  16  0:58  Drone  
  16  1:00  Drone  
  16  1:04  Extractor  
  17  1:11  Drone  
  18  1:21  Spawning Pool  
  17  1:25  Drone  
  17  1:28  Drone  
  19  1:38  Drone  
  20  1:49  Overlord  
  20  2:00  Drone  
  21  2:08  Metabolic Boost, Queen x2  
  21  2:10  Zergling x2  
  21  2:13  Zergling x2  
  27  2:17  Drone  
  27  2:21  Drone  
  29  2:28  Drone  
  29  2:29  Extractor  
  29  2:37  Spore Crawler  
  27  2:42  Drone x2  
  30  2:47  Queen  
  30  2:48  Queen  
  34  2:54  Drone x2  
  36  3:18  Zergling x2  
  36  3:19  Evolution Chamber x2, Overlord  
  34  3:22  Overlord  
  34  3:23  Zergling x4  
  35  3:33  Zergling x2  
  36  3:39  Zergling x8  
  38  4:00  Hatchery  
  38  4:02  Drone x2  
  39  4:04  Drone  
  39  4:07  Drone  
  41  4:13  Zerg Melee Weapons Level 1  
  41  4:24  Zerg Ground Armor Level 1  
  41  4:28  Drone x2  
  41  4:29  Drone  
  44  4:41  Drone x3  
  44  4:42  Drone x3  
  50  4:50  Overlord  
  50  4:51  Overlord  
  50  4:57  Baneling Nest  
  50  4:59  Drone x2  
  51  5:05  Drone  
  51  5:06  Overlord  
  50  5:15  Drone x2  
  50  5:16  Drone x4  
  50  5:17  Drone  
  57  5:21  Queen  
  59  5:29  Lair  
  59  5:35  Drone x3  
  62  5:40  Drone x2  
  63  5:44  Zergling x2  
  63  5:45  Zergling x10  
  67  5:50  Zergling x4  
  67  5:51  Zergling x2  
  67  6:04  Zergling x8  
  69  6:18  Drone  
  69  6:19  Drone  
  69  6:23  Drone x3  
  74  6:27  Hatchery  
  74  6:31  Hatchery, Queen  
  74  6:32  Zerg Melee Weapons Level 2  
  74  6:40  Spore Crawler x2, Drone x2  
  74  6:48  Zerg Ground Armor Level 2  
  74  6:49  Centrifical Hooks  
  65  7:04  Drone, Infestation Pit  
  65  7:05  Drone x5  
  65  7:06  Drone x3  
  73  7:09  Extractor  
  73  7:10  Overlord x2, Extractor  
  71  7:17  Burrow  
  71  7:20  Pneumatized Carapace  
  72  7:22  Drone  
  72  7:23  Drone  
  72  7:25  Overlord  
  73  7:34  Baneling  
  73  7:35  Baneling x3  
  73  7:36  Drone x7  
  73  7:37  Drone  
  81  7:39  Drone x2, Extractor x2  
  81  7:42  Queen  
  84  7:51  Zergling x8  
  84  7:52  Zergling x8  
  84  7:54  Zergling x2  
  84  7:56  Zergling x4  
  93  8:09  Zergling x6  
  93  8:10  Zergling x10  
  100  8:16  Spire  
  100  8:19  Baneling x12  
  99  8:20  Zergling x6  
  99  8:25  Drone x3  
  99  8:26  Drone  
  106  8:35  Drone x2  
  106  8:36  Drone x2  
  106  8:37  Overlord x3  
  110  8:42  Hive  
  109  8:52  Zergling x10  
  109  8:53  Zergling x8  
  103  8:55  Drone  
  103  9:01  Zergling x10  
  98  9:16  Drone x8  
  98  9:17  Drone x3  
  102  9:26  Drone x3  
  102  9:27  Drone  
  106  9:32  Mutalisk  
  106  9:34  Overlord x2  
  106  9:38  Extractor  
  107  9:42  Zergling x4  
  109  9:48  Queen  
  107  9:56  Mutalisk x2, Zergling x10  
  107  9:57  Mutalisk x4, Zergling x4  
  124  10:06  Zergling x4  
  116  10:09  Zergling x8  
  116  10:13  Zergling x2  
  115  10:19  Zergling x4  
  115  10:20  Zergling x4  
  105  10:22  Baneling x2  
  105  10:24  Zergling x2  
  105  10:29  Zergling x2  
Show
View Real Time Build Order
Export as new Build Order

MorN Terran - Winner!

Build Orders: Reaper Expand, MMM Bio 

Get SALT Encoding   

  12  0:00  SCV  
  13  0:13  SCV  
  14  0:17  Supply Depot  
  14  0:25  SCV  
  15  0:39  SCV  
  15  0:40  Barracks  
  16  0:43  Refinery  
  16  0:51  SCV  
  17  1:03  SCV  
  18  1:15  SCV  
  19  1:28  Reaper, Orbital Command  
  20  1:41  Command Center  
  20  1:54  SCV, Supply Depot  
  21  2:01  Reaper  
  22  2:07  SCV  
  23  2:19  SCV  
  23  2:22  Factory  
  24  2:25  Refinery  
  24  2:31  SCV  
  25  2:42  Barracks Reactor  
  25  2:48  SCV  
  26  2:56  Orbital Command  
  26  3:00  Command Center, SCV  
  27  3:13  SCV  
  28  3:25  SCV  
  29  3:27  Marine x2  
  29  3:28  Factory Tech Lab  
  29  3:29  SCV, Starport  
  32  3:37  SCV  
  33  3:42  SCV  
  33  3:49  SCV  
  33  3:51  Marine x2  
  33  3:53  Siege Tank  
  33  3:54  SCV  
  40  4:01  SCV  
  41  4:06  SCV  
  41  4:07  Medivac  
  41  4:09  Marine x2  
  46  4:12  Orbital Command  
  46  4:13  SCV  
  46  4:16  Bunker  
  47  4:18  SCV  
  48  4:25  SCV  
  48  4:30  SCV  
  50  4:35  Factory Reactor  
  50  4:36  Barracks  
  50  4:37  Barracks  
  50  4:40  SCV  
  50  4:43  Refinery  
  50  4:44  Viking, Refinery  
  52  4:49  Stimpack  
  52  4:51  SCV  
  53  4:53  SCV  
  53  4:57  Supply Depot, Engineering Bay  
  53  4:58  Engineering Bay, Marine  
  53  4:59  SCV  
  56  5:03  SCV  
  56  5:05  SCV  
  58  5:11  SCV  
  58  5:12  Supply Depot  
  59  5:15  SCV  
  59  5:16  Starport Reactor  
  59  5:19  SCV  
  59  5:21  Supply Depot  
  61  5:31  Terran Infantry Weapons Level 1, Terran Infantry Armor Level 1, Marine  
  61  5:32  Factory Reactor, Marine x2  
  61  5:33  Marine x2  
  61  5:35  SCV  
  67  5:38  SCV  
  67  5:41  Barracks  
  67  5:42  Barracks  
  68  5:49  Marine  
  66  6:13  Marine x5  
  66  6:18  Medivac x2  
  72  6:19  Armory, Orbital Command  
  72  6:20  Widow Mine x2  
  72  6:24  SCV  
  77  6:30  Supply Depot, Marine  
  77  6:31  Barracks Reactor x2, Marine x4  
  82  6:34  Supply Depot  
  82  6:47  SCV x2  
  82  6:48  SCV  
  82  6:52  Marine x5  
  90  7:00  SCV x2  
  90  7:01  SCV  
  93  7:04  Supply Depot  
  93  7:07  Supply Depot  
  93  7:11  Supply Depot  
  93  7:12  SCV  
  93  7:13  SCV x2, Supply Depot  
  93  7:15  Supply Depot x2, Marine x4  
  97  7:16  Marine  
  97  7:17  Refinery  
  101  7:23  Marine x4  
  101  7:25  SCV x3  
  101  7:26  Medivac  
  101  7:27  Medivac  
  101  7:29  Terran Infantry Weapons Level 2, Terran Infantry Armor Level 2  
  112  7:35  Command Center  
  113  7:37  SCV x3  
  113  7:40  Marine x3  
  113  7:42  Liberator  
  113  7:43  Liberator  
  118  7:47  Combat Shields  
  118  7:48  Supply Depot, Marine x3  
  118  7:49  SCV x3  
  130  8:13  Marine x2  
  130  8:14  Marine  
  130  8:15  Marine x6  
  130  8:18  Widow Mine x2  
  130  8:19  Barracks  
  143  8:20  Barracks  
  143  8:22  Barracks  
  143  8:31  Marine  
  143  8:32  Marine x2  
  146  8:37  Marine x3  
  149  8:42  Medivac  
  149  8:43  Medivac  
  149  8:45  Marine x2  
  148  9:03  Marine x4  
  148  9:04  Marauder, Marine x3  
  155  9:12  Medivac x2  
  155  9:13  Marine  
  155  9:14  Barracks Tech Lab  
  155  9:15  Barracks Tech Lab x2  
  155  9:16  SCV  
  154  9:21  Supply Depot  
  154  9:26  Supply Depot  
  154  9:27  Marine x3  
  154  9:28  Marauder, Widow Mine x2, Marine  
  164  9:37  Marine x3  
  164  9:38  Marauder x3  
  173  9:40  Supply Depot  
  173  9:41  Missile Turret  
  173  9:42  Medivac x2  
  173  9:45  Planetary Fortress  
  177  9:50  Marauder  
  178  9:58  Missile Turret  
  178  10:04  Marine x3  
  178  10:05  Marine x4, Marauder  
  178  10:06  Marauder x2  
  183  10:08  Marine  
  183  10:11  Marauder  
  171  10:22  Marine x3  
  171  10:23  Marine x4  
  171  10:26  Marine, Marauder  
  171  10:27  Marauder x2  
Tags
 
Add a new tag
Caveats
  • Supply blocks, unpowered buildings, or Contaminate may cause inaccurate times.
  • Supply counts are checked every 10 seconds.